 Dungeon Crawl Stone Soup version 0.20.0-10-g0535bb4 (webtiles) character file.

178 vatarom the Gusty (level 5, -2/30 HPs)
             Began as a Tengu Air Elementalist on June 5, 2017.
             Slain by a killer bee (5 damage)
             ... on level 7 of the Dungeon.
             The game lasted 00:08:20 (2534 turns).

vatarom the Gusty (Tengu Air Elementalist)          Turns: 2534, Time: 00:08:21

Health: -2/30      AC:  4    Str:  7 (8)  XL:     5   Next: 58%
Magic:  14/18      EV: 13    Int: 16      God:
Gold:   120        SH:  0    Dex: 16 (17) Spells: 2/8 levels left

rFire    . . .     SeeInvis .   d - +0 dagger
rCold    . . .     Gourm    .   (no shield)
rNeg     . . .     Faith    .   a - +0 robe
rPois    +         Spirit   .   (helmet restricted)
rElec    .         Reflect  .   (no cloak)
rCorr    .         Harm     .   (no gloves)
MR       .....                  (boots unavailable)
Stlth    ++........             (no amulet)
Regen    0.1/turn               e - ring of poison resistance
MPRegen  0.2/turn               h - ring of magical power

@: swift, very quick
A: beak, talons 3, thin metallic scales 1, agile 1, deterioration 1, robust 1,
able to fly 1
a: Fly


You were on level 7 of the Dungeon.
You were not hungry.

You visited 1 branch of the dungeon, and saw 7 of its levels.

You collected 120 gold pieces.

Inventory:

Hand Weapons
 d - a +0 dagger (weapon)
Armour
 a - a +0 robe (worn)
Jewellery
 e - a ring of poison resistance (left hand)
 h - a ring of magical power (right hand)
Wands
 f - a wand of iceblast (0/15)
Scrolls
 g - a scroll of teleportation {unknown}
Potions
 i - 2 potions of brilliance
Books
 b - a book of Air

   Spells                             Type                      Level
   a - Shock                          Conjuration/Air              1
   b - Swiftness                      Charms/Air                   2
   c - Static Discharge               Conjuration/Air              3
   d - Airstrike                      Air                          4
   e - Lightning Bolt                 Conjuration/Air              5
Comestibles
 c - a bread ration
 l - a meat ration


   Skills:
 - Level 2.1 Dodging
 - Level 2.0 Stealth
 - Level 2.0 Spellcasting
 * Level 5.5 Conjurations
 + Level 5.8 Air Magic


You had 2 spell levels left.
You knew the following spells:

 Your Spells              Type           Power        Failure   Level  Hunger
a - Shock                 Conj/Air       ###.         1%          1    #......
b - Swiftness             Chrm/Air       ##......     10%         2    ###....
c - Static Discharge      Conj/Air       ###.....     6%          3    ###....


Dungeon Overview and Level Annotations

Branches:
Dungeon (6/15)
 Temple: D:4-7

Altars:
Ashenzari

Annotations:
D:2 Sigmund
D:4 MDvedh's ghost, amateur OgEE
D:5 Eustachio


Innate Abilities, Weirdness & Mutations

You have a beak for a mouth.
You have claws for feet.
You can fly.
You are partially covered in thin metallic scales. (AC +2)
You are agile. (Dex +2)
Your body sometimes deteriorates upon taking damage.
You are robust. (+10% HP)


Message History

The worker ant is struck by lightning.
The worker ant is severely wounded.
The lightning arcs!
You are struck by lightning.
* * * LOW HITPOINT WARNING * * *
The lightning arcs!
The worker ant is struck by lightning.
You kill the worker ant!
The lightning grounds out. 4 killer bees come into view.
A shadow imp comes into view.
Found a stone staircase leading down.
The killer bee buzzes angrily.
The shadow imp shouts, "Quit, thou peaked toot-wallowing pumpion!"
Found an escape hatch in the ceiling.
The killer bee barely misses you.
Casting: Static Discharge
Confirm with . or Enter, or press ? or * to list all spells.
You feel quick.
The killer bee stings you but does no damage.
The killer bee stings you.
You die...

. .. .. ..... ..<# #######.##
#........#### .#.@y......
##.#.###..### #.....z...#
###########..#.###..#########
#............#.# #..5.....>..
#.#########.##.# ##..........
#.# #.##.# #.#.###### #.#
#.##.###.###.### #.###
#......># ##..#


You could see a killer bee.

Vanquished Creatures
  A centaur skeleton (D:4)
  2 worker ants
  A gnoll (D:4)
  2 adders
  2 oozes
  2 dart slugs (D:2)
  A leopard gecko (D:1)
  2 orcs (D:7)
  5 bats
  3 giant cockroaches
  6 hobgoblins
  4 jackals (D:5)
  A quokka (D:3)
  A ball python (D:1)
  3 frilled lizards
  8 goblins
  A jackal zombie (D:7)
  8 kobolds
  5 rats
58 creatures vanquished.

Notes
Turn   | Place    | Note
-------+----------+-------------------------------------------
     0 | D:1      | vatarom the Tengu Air Elementalist began the quest for the Orb.
     0 | D:1      | Reached XP level 1. HP: 10/10 MP: 4/4
   332 | D:1      | Reached XP level 2. HP: 15/15 MP: 6/6
   552 | D:1      | Learned a level 2 spell: Swiftness
   848 | D:2      | Reached XP level 3. HP: 16/19 MP: 7/7
  1020 | D:2      | Reached skill level 5 in Air Magic
  1077 | D:2      | Noticed Sigmund
  1629 | D:3      | Reached XP level 4. HP: 24/24 MP: 8/8
  1740 | D:3      | Learned a level 3 spell: Static Discharge
  1915 | D:3      | Gained mutation: You are robust. (+10% HP) [potion of mutation]
  1915 | D:3      | Gained mutation: Your body sometimes deteriorates upon taking damage. [potion of mutation]
  1915 | D:3      | Gained mutation: You are partially covered in thin metallic scales. (AC +2) [potion of mutation]
  1915 | D:3      | Gained mutation: You are agile. (Dex +2) [potion of mutation]
  2042 | D:4      | Found a shattered altar of Ashenzari.
  2060 | D:4      | You fall through a shaft for 2 floors!
  2067 | D:5      | Entered Level 5 of the Dungeon
  2067 | D:5      | Noticed Eustachio
  2099 | D:5      | Gained mutation: You can fly. [Tengu growth]
  2099 | D:5      | Reached XP level 5. HP: 20/30 MP: 7/9
  2365 | D:4      | Reached skill level 5 in Conjurations
  2392 | D:4      | Noticed MDvedh's ghost (amateur OgEE)
  2400 | D:4      | You fall through a shaft for 3 floors!
  2411 | D:7      | Noticed a big kobold
  2519 | D:7      | HP: 1/30 [/static electricity (2)]
  2534 | D:7      | Slain by a killer bee

Skill      XL: |  1  2  3  4  5 |
---------------+----------------+-----
Conjurations   | 2 4 5 |  5.5
Air Magic      | 5 |  5.8
Dodging        | |  2.1
Stealth        | |  2.0
Spellcasting   | |  2.0

Action                   |  1- 3 |  4- 6 || total
-------------------------+-------+-------++-------
Melee: Unarmed           |     4 |       ||     4
       Kick              |     4 |     1 ||     5
       Dagger            |    25 |     6 ||    31
       Peck              |     8 |     1 ||     9
 Cast: Shock             |    44 |    36 ||    80
       Static Discharge  |       |     6 ||     6
       Swiftness         |       |     1 ||     1
Evoke: Wand              |     1 |     1 ||     2
  Use: Potion            |     2 |     3 ||     5
       Scroll            |     4 |     2 ||     6
 Stab: Sleeping          |     1 |       ||     1
  Eat: Chunk             |     1 |     1 ||     2
       Royal jelly       |     1 |       ||     1
       Bread ration      |       |     1 ||     1
Armor: Robe              |     6 |     3 ||     9
Dodge: Dodged            |    18 |    18 ||    36
